Construct Section Command Post
Selects Indian Artillery Battlegroup
Construct Platoon Command Post
Unlock M3 Stuart Light Tanks
Selects Gurkha Rifles Section
Selects Volunteer Infantry
Construct Company Command Post
6-pounder Anti-tank Gun Team
Selects Towed ML 4.2-inch Heavy Mortar
Selects Off-map Airburst Barrage
Towed ML 4.2-inch Heavy Mortar
Unlock Towed 17-pounder Anti-tank Guns
17-pounder Anti-tank Gun Team
Selects BL5.5 Artillery Emplacement
17-pounder Anti-tank Gun Team
6-pounder Anti-tank Gun Team